Map: Waterfall

Players

TheMarine - Winner!

  • Race: Terran Terran
  • League: Bronze
  • Spawn Location: 1:00

mtickles

  • Race: Protoss Protoss
  • League: Bronze
  • Spawn Location: 7:00

VOD

Have the link to the VOD?

Description

Time

  • Played on: Aug. 27, 2022, 1:50 p.m.
  • Length: 6:22
Show
View Real Time Build Order
Export as new Build Order

TheMarine Terran - Winner!

Build Orders: Tank push, Widow Mine Drop 

Get SALT Encoding   

  12  0:00  SCV  
  13  0:12  SCV  
  14  0:17  Supply Depot  
  14  0:24  SCV  
  15  0:39  SCV  
  15  0:40  Barracks  
  16  0:46  Refinery  
  16  0:51  SCV  
  17  1:03  SCV  
  18  1:15  SCV  
  19  1:27  Orbital Command  
  19  1:28  Marine  
  20  1:45  Command Center  
  20  1:56  Supply Depot  
  20  2:04  Factory  
  20  2:06  SCV  
  21  2:13  Refinery  
  21  2:18  SCV, Barracks Reactor  
  22  2:30  SCV  
  23  2:42  SCV  
  24  2:48  Widow Mine  
  24  2:50  Starport  
  26  2:54  Marine x2  
  28  2:59  SCV, Supply Depot  
  29  3:06  Orbital Command  
  29  3:11  SCV  
  30  3:12  Factory Tech Lab  
  30  3:17  Marine x2  
  32  3:23  SCV  
  33  3:32  Medivac  
  37  3:34  Widow Mine  
  37  3:35  SCV, Marine  
  37  3:36  SCV  
  37  3:37  Marine  
  41  3:44  Supply Depot  
  41  3:52  Marine  
  41  3:55  SCV, Siege Tank, Marine  
  46  3:56  SCV  
  48  4:11  Starport Reactor  
  48  4:15  Viking  
  50  4:21  Marine x2  
  50  4:23  SCV x2  
  54  4:31  Barracks  
  54  4:32  Barracks  
  54  4:35  SCV x2  
  56  4:39  Marine x2  
  56  4:41  Siege Tank  
  61  4:51  Supply Depot  
  61  4:56  Marine  
  61  4:57  Engineering Bay  
  62  5:12  Viking  
  64  5:30  Marine x2  
  64  5:31  Siege Tank  
  67  5:48  Marine  
Show
View Real Time Build Order
Export as new Build Order

mtickles Protoss 

Build Orders: Dark Templar Rush 

Get SALT Encoding   

  12  0:00  Probe  
  13  0:12  Probe  
  14  0:20  Pylon  
  14  0:24  Probe  
  15  0:32  Assimilator  
  15  0:38  Probe  
  16  0:45  Gateway  
  16  0:50  Probe  
  16  0:56  Assimilator  
  17  1:03  Probe  
  18  1:10  Pylon  
  18  1:15  Probe  
  19  1:22  Gateway  
  19  1:27  Probe  
  20  1:36  Cybernetics Core  
  20  1:39  Probe  
  21  1:51  Probe (Chrono Boost)  
  22  2:00  Probe (Chrono Boost)  
  23  2:11  Nexus  
  23  2:13  Probe  
  24  2:17  Adept (Chrono Boost)  
  26  2:23  Warp Gate  
  26  2:27  Probe  
  27  2:41  Twilight Council  
  27  2:43  Probe  
  28  2:48  Stalker (Chrono Boost)  
  30  2:55  Shield Battery  
  30  2:59  Probe  
  31  3:19  Dark Shrine  
  31  3:23  Probe  
  32  3:30  Probe  
  33  3:35  Probe  
  33  3:40  Dark Shrine  
  34  3:42  Probe  
  35  3:50  Gateway  
  35  3:53  Probe  
  35  3:54  Assimilator  
  36  3:56  Assimilator  
  36  4:03  Probe  
  36  4:04  Robotics Facility  
  36  4:06  Blink  
  37  4:11  Probe  
  37  4:16  Probe  
  39  4:24  Probe  
  40  4:28  Probe  
  41  4:32  Shadow Stride (Chrono Boost)  
  41  4:36  Probe  
  42  4:40  Probe (Chrono Boost)  
  42  4:44  Pylon  
  43  4:48  Warp Prism (Chrono Boost), Forge  
  46  4:54  Probe (Chrono Boost)  
  46  5:00  Probe (Chrono Boost)  
  46  5:02  Probe (Chrono Boost)  
  46  5:04  Gateway  
  48  5:08  Pylon  
  48  5:11  Probe  
  49  5:14  Probe  
  45  5:27  Stalker  
  45  5:28  Stalker x2  
  35  5:57  Stalker, Pylon  
  33  6:07  Stalker  
Tags
 
Add a new tag
Caveats
  • Supply blocks, unpowered buildings, or Contaminate may cause inaccurate times.
  • Supply counts are checked every 10 seconds.